 Dungeon Crawl Stone Soup version 0.29.1-1-gd02db6906a (webtiles) character file.

Game seed: 12394684939144966100

108980 avis the Black Belt (level 15, 0/151 HPs)
             Began as a Demigod Ice Elementalist on Sept 30, 2022.
             Shot with an arrow by a naga sharpshooter (2 damage)
             ... led by Vashnia
             ... on level 2 of the Snake Pit on Oct 3, 2022.
             The game lasted 04:29:58 (30684 turns).

avis the Black Belt (Demigod Ice Elementalist)     Turns: 30684, Time: 04:29:59

Health: 0/151      AC: 10    Str: 21    XL:     15   Next: 55%
Magic:  14/25      EV: 17    Int: 25    God:
Gold:   1775       SH:  0    Dex: 25    Spells: 4/22 levels left

rFire   . . .      SeeInvis .     - Unarmed
rCold   + + +      Faith    .   (shield currently unavailable)
rNeg    . . .      Spirit   .   (body armour currently unavailable)
rPois   +          Reflect  .   (helmet currently unavailable)
rElec   .          Harm     .   (cloak currently unavailable)
rCorr   .          Rampage  .   (gloves currently unavailable)
Will    ++...                   (boots currently unavailable)
Stlth   +++.......              r - amulet of regeneration
HPRegen 1.15/turn               U - ring of Noxifel {rC+ Will+ EV+4 Dex+3}
MPRegen 0.19/turn               Y - ring "Nusch" {rF+ Int+8}

@: ice-form
A: freezing attack, amphibious, boosted hp, large, high MP 1, forlorn, divine
attributes
a: End Transformation


You were on level 2 of the Snake Pit.
You were a creature of crystalline ice.
You visited 6 branches of the dungeon, and saw 22 of its levels.

You collected 2731 gold pieces.
You spent 956 gold pieces at shops.

Inventory:

Hand Weapons
 b - the +8 shortbow of Qazlal's Condemnation (melded) {flame, rC- rN+ Str+3}
   (You acquired it on level 1 of the Lair of Beasts)

   Any ammunition fired from it burns those it strikes, dealing additional fire
   damage.
   Str:       It affects your strength (+3).
   rC:        It makes you vulnerable to cold.
   rN:        It protects you from negative energy.
Armour
 c - a +2 pair of gloves (melded)
 l - the +2 helmet of the Game of Kings (melded) {rElec rF+ rN+}
   (You found it on level 2 of the Dungeon)

   rF:        It protects you from fire.
   rElec:     It insulates you from electricity.
   rN:        It protects you from negative energy.
 H - a +2 cloak of poison resistance (melded)
 L - +0 steam dragon scales (melded)
 R - a +0 pair of boots (melded)
Magical Staves
 g - a staff of conjuration
Jewellery
 a - a +4 ring of protection
 i - a ring of positive energy
 r - an amulet of regeneration (around neck)
 A - a +6 ring of dexterity
 E - a ring of protection from fire
 U - the ring of Noxifel (left front paw) {rC+ Will+ EV+4 Dex+3}
   (You found it on level 8 of the Dungeon)

   [ring of evasion]

   EV:        It affects your evasion (+4).
   Dex:       It affects your dexterity (+3).
   rC:        It protects you from cold.
   Will:      It increases your willpower.
 Y - the ring "Nusch" (right front paw) {rF+ Int+8}
   (You bought it in a shop on level 2 of the Orcish Mines)

   [ring of protection from fire]

   Int:       It affects your intelligence (+8).
   rF:        It protects you from fire.
Wands
 f - a wand of polymorph (10)
 p - a wand of digging (4)
 s - a wand of flame (59)
 J - a wand of roots (14)
 K - a wand of paralysis (10)
 P - a wand of light (11)
Scrolls
 j - 2 scrolls of poison
 m - 8 scrolls of blinking
 n - a scroll of silence
 u - 10 scrolls of teleportation
 w - 2 scrolls of butterflies
 B - 2 scrolls of magic mapping {unknown}
 C - 3 scrolls of fear
 I - a scroll of noise {unknown}
 Q - a scroll of summoning
Potions
 d - 9 potions of curing
 e - 4 potions of might
 h - 5 potions of brilliance
 q - 5 potions of resistance
 t - 3 potions of ambrosia
 D - a potion of haste
 F - a potion of invisibility
 M - 3 potions of lignification
 S - a potion of magic
Miscellaneous
 W - a phantom mirror


   Skills:
 - Level 10.0 Fighting
 - Level 15.0 Ranged Weapons
 - Level 5.0 Armour
 - Level 5.0 Dodging
 - Level 2.0 Stealth
 * Level 15.5 Unarmed Combat
 - Level 4.0 Spellcasting
 - Level 2.0 Translocations
 - Level 6.0 Transmutations
 - Level 9.0 Ice Magic
 - Level 1.0 Poison Magic


You had 4 spell levels left.
You knew the following spells:

 Your Spells              Type           Power      Damage    Failure   Level
a - Freeze                Ice            100%       1d11      1%          1
b - Blink                 Tloc           30%        N/A       6%          2
e - Wereblood             Tmut           35%        N/A       1%          2
f - Frozen Ramparts       Ice            100%       1d16      1%          3
o - Ozocubu's Armour      Ice            50%        N/A       1%          3
p - Spider Form           Tmut/Pois      22%        N/A       6%          3
q - Ice Form              Ice/Tmut       42%        N/A       4%          4

Your spell library contained the following spells:

 Spells                   Type           Power      Damage    Failure   Level
 Beastly Appendage        Tmut           70%        N/A       1%          1
 Apportation              Tloc           30%        N/A       4%          1
 Necrotise                Necr           20%        1d5       9%          1
 Summon Small Mammal      Summ           20%        N/A       9%          1
 Gell's Gravitas          Tloc           15%        N/A       12%         3
 Lesser Beckoning         Tloc           15%        N/A       12%         3
 Hailstorm                Conj/Ice       27%        3d7       14%         4
 Portal Projectile        Hex/Tloc       20%        N/A       19%         3
 Confusing Touch          Hex            5%         N/A       26%         3
 Tukima's Dance           Hex            5%         N/A       26%         3
 Passage of Golubria      Tloc           15%        N/A       36%         4
 Fulminant Prism          Conj/Hex       2%         3d6       65%         4
 Yara's Violent Unravell  Hex/Tmut       10%        3d6       58%         5
 Manifold Assault         Tloc           15%        N/A       73%         5
 Simulacrum               Ice/Necr       13%        N/A       91%         6
 Enfeeble                 Hex            2%         N/A       100%        7


Dungeon Overview and Level Annotations

Branches:
Dungeon (11/15)            Temple (1/1) D:6            Lair (5/5) D:9
 Shoals (1/4) Lair:3        Snake (2/4) Lair:3        Slime (0/5) Lair:4
    Orc (2/2) D:11            Elf (0/3) Orc:2

Shops:
Orc:2 =[=[

Portals:
Ice
Cave: Snake:2

Annotations:
D:10 2 transporters
Snake:2 Vashnia


Innate Abilities, Weirdness & Mutations

You are a creature of crystalline ice.
You have a powerful freezing melee attack.
You are amphibious.
Your maximum health is increased.
Your armour is entirely melded.
You are incapable of wielding weapons or throwing items.
You have an increased reservoir of magic. (+10% MP)
You shall have no god before yourself.
Your divine heritage dramatically boosts your attributes as you level up.


Message History

You feel resistant to poison.
You turn into a creature of crystalline ice.
The +8 shortbow of Qazlal's Condemnation {flame, rC- rN+ Str+3} melds into your body.
Your +2 cloak of poison resistance melds into your body.
The +2 helmet of the Game of Kings {rElec rF+ rN+} melds into your body.
Your +2 pair of gloves melds into your body.
Your +0 pair of boots melds into your body.
Your +0 steam dragon scales melds into your body.
The +8 shortbow of Qazlal's Condemnation {flame, rC- rN+ Str+3} stops flaming.
You no longer feel resistant to poison.
The naga sharpshooter shoots an arrow.
The arrow hits you!
Vashnia mumbles some strange words.
Vashnia blinks!
You punch the naga sharpshooter! You freeze the naga sharpshooter.
The naga sharpshooter is lightly wounded.
The naga sharpshooter mumbles some strange words.
The naga sharpshooter magically shoots an arrow.
The arrow hits you but does no damage.
Vashnia shoots an arrow.
The arrow hits you!! The arrow melts you! The heat melts your icy armour.
You barely miss the naga sharpshooter.
The naga sharpshooter is lightly wounded.
The naga sharpshooter shoots an arrow.
The arrow closely misses you.
The naga sharpshooter unwields a +0 war axe.
The naga sharpshooter wields a +0 shortbow.
The naga sharpshooter shoots an arrow.
The arrow hits you.
* * * LOW HITPOINT WARNING * * *
Your icy armour will break if you move.
Continue?
Uppercase [Y]es or [N]o only, please.
Your icy armour will break if you move.
Continue?
Your icy armour cracks and falls away as you move.
The naga sharpshooter spits poison at you.
The splash of poison misses you.
There is a frozen archway here.
Vashnia shoots an arrow.
The arrow hits you!!
* * * LOW HITPOINT WARNING * * *
The arrow melts you!
* * * LOW HITPOINT WARNING * * *
The naga sharpshooter shoots an arrow.
The arrow hits you.
You die...

.... ##...# #....
#.... .(..# ..... #
.... ..... #. ##.N.
#..... .. ##.# #.#.#
####.# ..##.#.#.#..
.. #.#.#.#.#.#
#.#..#.Y.#
#.#.#.#.#N#
#.#..#.#.#..
#########.###.#.#)###
.....(.<....N.....#
###...#...###.....#
#.. #.......#####
#.^......##.#
...#####.##..#


You could see Vashnia and 2 naga sharpshooters.

Vanquished Creatures
  A titan (Shoals:1)
  2 frost giants (Shoals:1)
  An orc warlord (Orc:2)
  A stone giant (Shoals:1)
  Azrael (Orc:2)
  Snorg (Lair:5)
  A fire dragon (Lair:5)
  An ettin (Orc:1)
  A merfolk impaler (Shoals:1)
  7 hydras
  Erolcha (Orc:1)
  2 boulder beetles (Lair:2)
  3 ogre magi (Orc:2)
  2 catoblepae
  A merfolk aquamancer (Shoals:1)
  An anaconda (Snake:1)
  A naga warrior (Snake:1)
  9 two-headed ogres
  9 death yaks
  Urug (Orc:1)
  An orc high priest (Orc:2)
  A naga sharpshooter (Snake:2)
  3 shock serpents (Snake:1)
  2 sea snakes (Shoals:1)
  3 orc knights (Orc:1)
  A lindwurm (Lair:5)
  8 harpies
  A mana viper (Snake:2)
  6 cyclopes (Shoals:1)
  3 oklob plants (Lair:4)
  An ugly thing (D:11)
  9 orc sorcerers
  3 manticores
  Maurice (Orc:1)
  9 fauns (Shoals:1)
  18 elephants
  A guardian serpent (Snake:1)
  3 merfolk sirens (Shoals:1)
  Joseph (D:10)
  13 black mambas
  3 molten gargoyles (Lair:5)
  A naga mage (Snake:1)
  3 torpor snails
  12 cane toads
  3 rime drakes
  13 komodo dragons
  8 merfolk
  4 trolls
  2 wind drakes (Shoals:1)
  Grinder (D:3)
  A polar bear (Lair:4)
  A hornet (Lair:2)
  18 blink frogs
  4 snapping turtles (Shoals:1)
  18 dream sheep
  A shadow (D:9)
  4 water elementals
  4 wyverns
  A vampire (D:10)
  65 yaks
  8 basilisks
  2 fire elementals (Orc:2)
  Eustachio (D:6)
  4 steam dragons
  8 wargs
  12 nagas
  Edmund (D:6)
  6 hell hounds
  13 water moccasins
  5 ice beasts
  17 orc warriors
  4 black bears
  12 wolves (Lair:2)
  11 ogres
  A centaur (D:11)
  2 phantoms
  3 kobold brigands
  9 bullfrogs
  2 gnoll sergeants
  5 scorpions
  9 wights
  6 killer bees (D:9)
  3 electric eels (Lair:1)
  9 howler monkeys
  3 lava snakes (Lair:5)
  4 hounds
  18 orc priests
  A jelly (D:7)
  Crazy Yiuf (D:6)
  2 iguanas
  23 orc wizards
  2 hell rats (D:9)
  12 gnolls
  11 adders
  A river rat (D:9)
  2 shadow imps
  2 white imps
  An ufetubus (D:4)
  2 worms (D:2)
  A dart slug (D:4)
  51 orcs
  6 ball pythons
  9 endoplasms
  2 giant cockroaches
  7 goblins
  8 hobgoblins
  A quokka (D:9)
  7 bats
  5 frilled lizards
  26 kobolds
  4 rats
667 creatures vanquished.

Vanquished Creatures (others)
  3 wights (D:10)
  A howler monkey (D:10)
  An orc wizard (Orc:2)
  A bush (Lair:3)
  36 fungi
  57 plants
99 creatures vanquished.

Grand Total: 766 creatures vanquished

Notes
Turn   | Place    | Note
-------+----------+-------------------------------------------
     0 | D:1      | avis the Demigod Ice Elementalist began the quest for the
                  | Orb.
     0 | D:1      | Reached XP level 1. HP: 14/14 MP: 5/5
   279 | D:1      | Reached XP level 2. HP: 17/20 MP: 5/7
  1091 | D:2      | Reached XP level 3. HP: 22/26 MP: 5/9
  1282 | D:2      | Identified the +2 helmet of the Game of Kings {rElec rF+
                  | rN+}
  1589 | D:2      | Learned a level 3 spell: Ozocubu's Armour
  1593 | D:2      | Learned a level 3 spell: Frozen Ramparts
  2181 | D:1      | Reached XP level 4. HP: 29/33 MP: 8/11
  2767 | D:3      | Noticed Grinder
  3028 | D:3      | Reached skill level 5 in Ice Magic
  3282 | D:3      | Learned a level 1 spell: Beastly Appendage
  3777 | D:4      | Reached skill level 1 in Fighting
  3777 | D:4      | Reached XP level 5. HP: 24/40 MP: 8/12
  4180 | D:4      | Reached skill level 1 in Unarmed Combat
  4206 | D:4      | Reached XP level 6. HP: 4/48 MP: 3/13
  4863 | D:5      | Entered Level 5 of the Dungeon
  5274 | D:5      | Reached XP level 7. HP: 37/57 MP: 10/15
  5957 | D:5      | Learned a level 3 spell: Spider Form
  6289 | D:6      | Noticed Edmund
  6289 | D:6      | Found a staircase to the Ecumenical Temple.
  6311 | D:6      | Killed Edmund
  6318 | D:6      | Got the Vellum of Distorted Imprecation
  6628 | D:6      | Noticed Eustachio
  6925 | D:6      | Killed Eustachio
  6926 | D:6      | Reached XP level 8. HP: 64/66 MP: 14/17
  6976 | D:6      | Reached skill level 1 in Poison Magic
  6976 | D:6      | Reached skill level 1 in Transmutations
  7057 | D:6      | Learned a level 4 spell: Ice Form
  7084 | D:6      | Found a runed translucent door.
  7085 | D:6      | Noticed Crazy Yiuf
  7116 | D:6      | Killed Crazy Yiuf
  8317 | D:7      | Reached skill level 5 in Unarmed Combat
  8683 | D:7      | Reached XP level 9. HP: 71/71 MP: 11/18
  9109 | D:7      | Learned a level 2 spell: Wereblood
  9237 | D:8      | Identified the ring of Noxifel {rC+ Will+ EV+4 Dex+3}
 10094 | Temple   | Entered the Ecumenical Temple
 10276 | D:9      | Noticed a two-headed ogre
 10283 | D:9      | Killed a two-headed ogre
 10284 | D:9      | Reached skill level 5 in Fighting
 10284 | D:9      | Reached skill level 5 in Transmutations
 10558 | D:9      | Noticed a death yak
 10578 | D:9      | Noticed a death yak
 10579 | D:9      | Noticed a death yak
 10585 | D:9      | Killed a death yak
 10586 | D:9      | Reached XP level 10. HP: 60/83 MP: 13/19
 10592 | D:9      | Killed a death yak
 10602 | D:9      | Killed a death yak
 10607 | D:9      | Reached skill level 1 in Armour
 11137 | D:9      | Found a staircase to the Lair.
 11992 | Lair:1   | Entered Level 1 of the Lair of Beasts
 12010 | Lair:1   | Noticed a five-headed hydra
 12021 | Lair:1   | Killed a five-headed hydra
 12022 | Lair:1   | Reached skill level 10 in Unarmed Combat
 12117 | Lair:1   | Noticed a five-headed hydra
 12141 | Lair:1   | Killed a five-headed hydra
 12142 | Lair:1   | Noticed a catoblepas
 12339 | Lair:1   | Killed a catoblepas
 12414 | Lair:1   | Noticed a black mamba
 12431 | Lair:1   | Killed a black mamba
 12432 | Lair:1   | Reached skill level 5 in Ranged Weapons
 12432 | Lair:1   | Reached XP level 11. HP: 76/89 MP: 14/20
 14439 | Lair:2   | Noticed a boulder beetle
 14447 | Lair:2   | Noticed a four-headed hydra
 14468 | Lair:2   | Killed a four-headed hydra
 14484 | Lair:2   | Killed a boulder beetle
 15658 | Lair:2   | Reached XP level 12. HP: 94/100 MP: 12/21
 16456 | Lair:3   | Noticed a boulder beetle
 16461 | Lair:2   | Reached skill level 5 in Dodging
 16772 | Lair:2   | Killed a boulder beetle
 16918 | Lair:3   | Reached skill level 5 in Armour
 17361 | Lair:3   | Found a staircase to the Shoals.
 17535 | Lair:3   | Reached skill level 10 in Ranged Weapons
 17785 | Lair:3   | Noticed a catoblepas
 17825 | Lair:3   | Killed a catoblepas
 18192 | Lair:3   | Noticed a four-headed hydra
 18205 | Lair:3   | Killed a four-headed hydra
 18560 | Lair:3   | Found a staircase to the Snake Pit.
 18593 | Lair:3   | Reached XP level 13. HP: 107/107 MP: 20/22
 20106 | Lair:4   | Found a staircase to the Slime Pits.
 20181 | Lair:5   | Entered Level 5 of the Lair of Beasts
 20933 | Lair:5   | Noticed Snorg
 20948 | Lair:5   | Killed Snorg
 20955 | Lair:5   | Learned a level 2 spell: Blink
 21640 | Lair:5   | Reached XP level 14. HP: 92/118 MP: 24/24
 21781 | Lair:5   | Found a large runed translucent door.
 21782 | Lair:5   | Found a large runed translucent door.
 22178 | D:10     | Entered Level 10 of the Dungeon
 22355 | D:10     | Found a transporter.
 22534 | D:10     | Found a transporter.
 22638 | D:10     | Noticed Joseph
 22649 | D:10     | Killed Joseph
 23830 | D:11     | Found a staircase to the Orcish Mines.
 23996 | Orc:1    | Entered Level 1 of the Orcish Mines
 24040 | Orc:1    | Noticed Erolcha
 24047 | Orc:1    | Noticed Urug
 24048 | Orc:1    | Killed Erolcha
 24059 | Orc:1    | Killed Urug
 24579 | Orc:2    | Entered Level 2 of the Orcish Mines
 24813 | Orc:1    | Reached skill level 1 in Translocations
 25456 | Orc:1    | Noticed Maurice
 25471 | Orc:1    | Killed Maurice
 25612 | Orc:2    | Found a staircase to the Elven Halls.
 25638 | Orc:2    | Noticed an orc warlord
 26551 | Orc:2    | Killed an orc warlord
 26874 | Orc:2    | Noticed Azrael
 26902 | Orc:2    | Killed Azrael
 27037 | Orc:2    | Found Emag's Jewellery Boutique.
 27107 | Orc:2    | Found Foulom's Antique Armour Shop.
 27231 | Orc:2    | Found Vymomati's Magic Scroll Shop.
 27242 | Orc:2    | Found Tudeec's Jewellery Boutique.
 27322 | Orc:2    | Found Syd Xoox's Armour Shoppe.
 27586 | Orc:2    | Bought a scroll of identify for 28 gold pieces
 27586 | Orc:2    | Bought a scroll of identify for 28 gold pieces
 27586 | Orc:2    | Bought a scroll of identify for 28 gold pieces
 27586 | Orc:2    | Bought a scroll of brand weapon for 133 gold pieces
 27586 | Orc:2    | Bought a scroll of enchant weapon for 105 gold pieces
 27586 | Orc:2    | Bought a scroll of vulnerability for 56 gold pieces
 27586 | Orc:2    | Bought a scroll of teleportation for 42 gold pieces
 27616 | Orc:2    | Bought the ring "Nusch" {rF+ Int+8} for 536 gold pieces
 27618 | Orc:2    | Identified a scroll of acquirement
 27620 | Orc:2    | Acquired 564 gold pieces
 27958 | D:3      | Killed Grinder
 28283 | Snake:1  | Entered Level 1 of the Snake Pit
 28681 | Snake:1  | Reached XP level 15. HP: 118/124 MP: 23/25
 28892 | Snake:1  | Reached skill level 15 in Unarmed Combat
 29079 | Lair:1   | Acquired the +8 shortbow of Qazlal's Condemnation {flame,
                  | rC- rN+ Str+3}
 29143 | Shoals:1 | Entered Level 1 of the Shoals
 29649 | Shoals:1 | Noticed a titan
 29675 | Shoals:1 | Reached skill level 15 in Ranged Weapons
 29690 | Shoals:1 | Killed a titan
 30021 | Shoals:1 | Reached skill level 10 in Fighting
 30659 | Snake:2  | Found a frozen archway.
 30672 | Snake:2  | Noticed Vashnia
 30684 | Snake:2  | HP: 2/151 [Vashnia/arrow (11)]
 30684 | Snake:2  | Shot with an arrow by a naga sharpshooter

Illustrated notes

Levels and vault maps discovered:
D:1:      psy_arrival_conway, layout_loops_ring, nrook_campfire
D:2:      layout_basic
D:3:      cheibrodos_helix_gallery, layout_basic,
          chequers_ecumenical_altar_simple_redux, uniq_grinder
D:4:      layout_rooms
D:5:      layout_loops_ring, amcnicky_altar_gilded
D:6:      layout_loops_ring, bloody_makhleb, minmay_temple_entry_offerings,
          uniq_eustachio, uniq_crazy_yiuf_cottage, uniq_edmund
D:7:      layout_loops_cross, kennysheep_little_box, dk_vineyard_3
D:8:      layout_basic, gammafunk_temple_overflow_forgotten, serial_glass,
          glass_columns_b, glass_columns_b, glass_columns_a, glass_columns_a,
          glass_columns_a, glass_columns_b, glass_columns_b, glass_columns_a
D:9:      layout_basic, dpeg_lair_monsters, dk_noncrumbling_2
D:10:     gammafunk_corrupted_shrine, layout_loops_ring,
          hangedman_abyss_or_decor_clamps, minmay_misc_feat_square,
          lemuel_flamethrower_2, uniq_joseph
D:11:     layout_loops_ring, orc_0_dummy
Temple:   regret_index_temple_sphere_string
Lair:1:   layout_gridlike, grunt_megastairs_1, infiniplex_staircase_pool
Lair:2:   minmay_lair_venomous_thicket, layout_hall_layers,
          serial_bayou_shore_a, grunt_megastairs_4
Lair:3:   layout_roguey, shoals_dummy_entry, guppyfry_snake_entry_island
Lair:4:   layout_long_grid, minmay_slime_entry_oklob_open, grunt_megastairs_3
Lair:5:   cheibrodos_lair_end_hotspot, layout_regular_city,
          grunt_forest_small_clearings, uniq_snorg
Shoals:1: layout_shoals, st_sunken_temple
Snake:1:  layout_onion_interference, st_stairs_14, grunt_megastairs_2
Snake:2:  layout_misc_corridors, portal_ice_cave_entry_pillars_four,
          minmay_shop_grove, uniq_vashnia
Orc:1:    layout_diamond_mine, hellmonk_guarded_unrand_dark_maul, uniq_maurice,
          uniq_erolcha, uniq_urug
Orc:2:    kennysheep_orc_mage_school, layout_caves, serial_shops, shop,
          uniq_azrael

Skill      XL: |  1  2  3  4  5  6  7  8  9 10 11 12 13 14 15 |
---------------+----------------------------------------------+-----
Spellcasting   | 2 3 4 |  4.0
Ice Magic      | 4 5 6 7 8 9 |  9.0
Fighting       | 1 3 4 6 7 8 9 10 | 10.0
Unarmed Combat | 1 2 4 6 8 10 11 12 14 15 | 15.5
Poison Magic   | 1 |  1.0
Transmutations | 4 5 6 |  6.0
Dodging        | 2 3 5 |  5.0
Stealth        | 2 |  2.0
Ranged Weapons | 2 5 8 10 12 14 15 | 15.0
Armour         | 3 5 |  5.0
Translocations | 2 |  2.0

Action                   |  1- 3 |  4- 6 |  7- 9 | 10-12 | 13-15 || total
-------------------------+-------+-------+-------+-------+-------++-------
Melee: Unarmed           |     3 |    24 |   241 |   192 |   473 ||   933
       Dagger            |     6 |    55 |       |       |       ||    61
       Kick              |       |    26 |    11 |       |       ||    37
       Headbutt          |       |    21 |     9 |       |       ||    30
       Punch             |       |     4 |     1 |     5 |    55 ||    65
 Fire: Shortbow          |       |       |    49 |    82 |   276 ||   407
       Arbalest          |       |       |       |   483 |  1012 ||  1495
Throw: Dart              |       |     2 |       |       |       ||     2
 Cast: Freeze            |    63 |    36 |    18 |    10 |     2 ||   129
       Beastly Appendage |       |    15 |     4 |       |       ||    19
       Ozocubu's Armour  |       |     8 |    28 |    71 |   153 ||   260
       Spider Form       |       |       |    11 |       |     1 ||    12
       Ice Form          |       |       |    20 |    15 |     4 ||    39
       Frozen Ramparts   |       |       |       |       |     3 ||     3
       Wereblood         |       |       |       |       |     1 ||     1
       Blink             |       |       |       |       |     1 ||     1
 Abil: End Transformatio |       |       |     3 |     4 |     1 ||     8
Evoke: Wand              |       |       |       |       |     1 ||     1
  Use: Scroll            |       |       |     4 |     6 |    14 ||    24
       Potion            |       |       |     1 |     3 |     7 ||    11
 Stab: Sleeping          |     5 |     6 |     7 |       |       ||    18
       Distracted        |       |     1 |     1 |       |       ||     2
       Invisible         |       |       |       |       |     1 ||     1
Armor: Robe              |     9 |    25 |    39 |       |       ||    73
       Skin              |       |       |    52 |    65 |     3 ||   120
       Steam dragon scal |       |       |     8 |   375 |   527 ||   910
Dodge: Dodged            |    32 |    61 |   214 |   846 |  1192 ||  2345
